 Dungeon Crawl Stone Soup version 0.14-a0-1570-g671a4b6 (webtiles) character file.

264 HollowCharge the Ruinous (level 4, -2/33 HPs)
             Began as a Demigod Conjurer on Dec 20, 2013.
             Killed by divine providence
             ... invoked by an orc priest
              (15 damage)
             ... on Level 3 of the Dungeon.
             The game lasted 00:23:06 (2923 turns).

HollowCharge the Ruinous (Demigod Conjurer)         Turns: 2923, Time: 00:23:06

HP  -2/33        AC  4     Str 12      XL: 4   Next: 76%
MP   0/12        EV 13     Int 25      God:
Gold 120         SH  0     Dex 17      Spells:  3 memorised,  3 levels left

rFire  . . .     SeeInvis .     i - staff of poison
rCold  . . .     Clarity  .     a - +0 robe
rNeg   . . .     Conserve .     (no shield)
rPois  +         rCorr    .     (no helmet)
rElec  .         rRot     .     g - +1 orc cloak
SustAb . .       Spirit   .     (no gloves)
rMut   .         Warding  .     (no boots)
Saprov . . .     Stasis   .     (no amulet)
                                (no ring)
                                j - +5 ring of intelligence

@: slightly resistant to hostile enchantments, fairly stealthy
A: no striking features
a: no special abilities


You were on level 3 of the Dungeon.
You were not hungry.

You visited 1 branch of the dungeon, and saw 3 of its levels.

You collected 120 gold pieces.

Inventory:

Hand weapons
 d - a +0,+1 orcish dagger
Armour
 a - a +0 robe (worn)
 g - a +1 orcish cloak (worn)
 o - a +0 ring mail
Comestibles
 b - a bread ration
 k - a chunk of giant newt flesh
 m - a pear
Scrolls
 h - a scroll of blinking {unknown}
 l - 2 scrolls of remove curse
 n - a scroll of random uselessness {unknown}
Jewellery
 j - a +5 ring of intelligence (left hand)
Potions
 e - 2 potions of curing {unknown}
 f - 2 potions of agility
Books
 c - a book of Conjurations

   Spells                             Type                      Level
   *Magic Dart                        Conjuration                  1
   *Searing Ray                       Conjuration                  2
   *Dazzling Spray                    Conjuration/Hexes            3
   Iskenderun's Mystic Blast          Conjuration                  4
   Iskenderun's Battlesphere          Conjuration/Charms           4
   Fulminant Prism                    Conjuration/Hexes            5
Magical staves
 i - an uncursed staff of poison (weapon)


   Skills:
 + Level 2.7 Dodging
 - Level 1.7 Stealth
 * Level 3.4 Spellcasting
 + Level 4.2 Conjurations


You had 3 spell levels left.
You knew the following spells:

 Your Spells              Type           Power        Failure   Level  Hunger
a - Magic Dart            Conj           ####         1%          1    None
b - Searing Ray           Conj           ####..       2%          2    #......
c - Dazzling Spray        Conj/Hex       ##......     14%         3    ###....


Dungeon Overview and Level Annotations

Branches:
Dungeon (3/16)


Message History

Press: ? - help, Shift-Dir - straight line, f/p - orc priest
Aim: an orc priest, wielding an orcish dagger and wearing an orcish leather armour (moderately wounded)
The magic dart hits the orc priest.
The orc priest is moderately wounded.
The orc priest calls down the wrath of Beogh upon you.
Pain shoots through your body!
You see here a tomahawk.
You see here a tomahawk.
Casting: Magic Dart
Confirm with . or Enter, or press ? or * to list all spells.
Aiming: Magic Dart
Press: ? - help, Shift-Dir - straight line, f/p - orc priest
Aim: an orc priest, wielding an orcish dagger and wearing an orcish leather armour (moderately wounded)
The magic dart hits the orc priest.
The orc priest is moderately wounded.
The orc priest calls down the wrath of Beogh upon you.
You resist.
The orc priest mumbles some strange prayers to Beogh against you.
Something smites you!
You die...

#.# #.# #.....)..# #.# #.#
#........# #>< .># #........#
#.# #.# #...)....# #.#
#........# #.# #........#
#(#####........#########
#(..o...................
.#######(#####@#######.########
....)....# #.# #.# .#######.#
#.# #.# #.# #.# #.# #(#
#.#######.########
#[#####.................
#%)(....#########.......
#.#####.# #....... ...# #.#
#....)..


You could see an orc priest.

Vanquished Creatures
  An orc wizard (D:3)
  5 adders
  A worm (D:3)
  3 orcs (D:3)
  3 giant cockroaches
  6 goblins
  8 hobgoblins
  4 jackals (D:1)
  6 kobolds
  A quokka (D:2)
  9 bats
  5 giant newts
  10 rats
62 creatures vanquished.

Notes
Turn   | Place    | Note
--------------------------------------------------------------
     0 | D:1      | HollowCharge, the Demigod Conjurer, began the quest for the Orb.
     0 | D:1      | Reached XP level 1. HP: 14/14 MP: 3/3
   405 | D:1      | Reached XP level 2. HP: 10/20 MP: 0/5
   874 | D:1      | Reached XP level 3. HP: 26/26 MP: 5/8
  1066 | D:1      | Learned a level 2 spell: Searing Ray
  1070 | D:1      | Learned a level 3 spell: Dazzling Spray
  1358 | D:2      | Found a glowing golden altar of the Shining One.
  1359 | D:2      | Found a sparkling altar of Nemelex Xobeh.
  1554 | D:2      | Found a blossoming altar of Fedhas.
  1646 | D:2      | Found a deep blue altar of Sif Muna.
  1687 | D:2      | Reached skill level 4 in Conjurations
  2237 | D:2      | Reached XP level 4. HP: 17/33 MP: 0/12
  2923 | D:3      | Killed from afar by an orc priest

Action                   |  1- 3 |  4- 6 || total
-------------------------+-------+-------++-------
Melee: Unarmed           |    13 |       ||    13
       Dagger            |    20 |       ||    20
       Staff             |    10 |    20 ||    30
 Cast: Magic Dart        |    82 |    32 ||   114
       Searing Ray       |     6 |     6 ||    12
       Dazzling Spray    |     2 |       ||     2
  Use: Scroll            |     5 |       ||     5
       Potion            |     3 |       ||     3
